 Dungeon Crawl Stone Soup version 0.29.1-15-g9cfb28693d (webtiles) character file.

Game seed: 16218370335935444997

3812 KyoPewz the Geomancer (level 10, -15/51 HPs)
             Began as a Gargoyle Earth Elementalist on Feb 22, 2023.
             Was a Follower of Vehumet.
             Killed from afar by a steam dragon (21 damage)
             ... with a ball of steam
             ... on level 8 of the Dungeon.
             The game lasted 00:24:36 (9143 turns).

KyoPewz the Geomancer (Gargoyle Earth Elementalist) Turns: 9143, Time: 00:24:37

Health: -15/51     AC: 16    Str: 11    XL:     10   Next: 17%
Magic:  14/19      EV: 15    Int: 21    God:    Vehumet [*.....]
Gold:   439        SH:  5    Dex: 10    Spells: 12/21 levels left

rFire   . . .      SeeInvis .   c - +0 rapier
rCold   . . .      Faith    .   (no shield)
rNeg    + + .      Spirit   .   H - +0 acid dragon scales
rPois   ∞          Reflect  +   w - +0 helmet
rElec   +          Harm     .   (no cloak)
rCorr   +          Rampage  .   y - +0 pair of gloves
Will    .....                   D - +0 pair of boots
Stlth   ++........              r - amulet of reflection
HPRegen 0.17/turn               v - ring of positive energy
MPRegen 0.16/turn               A - +4 ring of evasion

@: no status effects
A: sickness immunity, AC +7, negative energy resistance 1, electricity
resistance, torment resistance 1, petrification resistance
a: Renounce Religion


You were on level 8 of the Dungeon.
You worshipped Vehumet.
Vehumet was aware of your devotion.
You visited 2 branches of the dungeon, and saw 9 of its levels.

You collected 439 gold pieces.

Inventory:

Hand Weapons
 b - a +6 vorpal flail
 c - a +0 rapier (weapon)
 e - a +0 dagger
Armour
 a - a +0 robe
 w - a +0 helmet (worn)
 y - a +0 pair of gloves (worn)
 D - a +0 pair of boots (worn)
 H - +0 acid dragon scales (worn)
Jewellery
 r - an amulet of reflection (around neck)
 v - a ring of positive energy (left hand)
 A - a +4 ring of evasion (right hand)
 F - a +6 ring of dexterity
Wands
 q - a wand of polymorph (3)
 t - a wand of roots (6)
Scrolls
 d - 2 scrolls of butterflies {unknown}
 f - a scroll of blinking {unknown}
 k - 3 scrolls of enchant armour {unknown}
 m - a scroll of teleportation {unknown}
 n - 6 scrolls of identify {unknown}
 s - 2 scrolls of vulnerability {unknown}
 B - a scroll of noise {unknown}
 C - a scroll of fear {unknown}
 E - a scroll of magic mapping {unknown}
 I - a scroll of enchant weapon {unknown}
Potions
 g - 3 potions of curing
 h - a potion of cancellation {unknown}
 i - 3 potions of heal wounds {unknown}
 j - 2 potions of lignification {unknown}
 l - 3 potions of might {unknown}
 o - 3 potions of mutation {unknown}
 p - a potion of ambrosia {unknown}
 u - 3 potions of attraction {unknown}
 x - a potion of haste {unknown}
 z - 2 potions of degeneration {unknown}
 G - a potion of invisibility {unknown}


   Skills:
 + Level 0.9 Fighting
 + Level 1.0 Armour
 - Level 1.9 Dodging
 - Level 2.6 Stealth
 + Level 6.4 Spellcasting
 - Level 4.0 Conjurations
 - Level 4.0 Transmutations
 + Level 13.2 Earth Magic


You had 12 spell levels left.
You knew the following spells:

 Your Spells              Type           Power      Damage    Failure   Level
a - Sandblast             Erth           100%       2d20      1%          1
b - Stone Arrow           Conj/Erth      84%        3d12      1%          3
c - Petrify               Tmut/Erth      42%        N/A       4%          4
d - Freeze                Ice            24%        1d5       14%         1

Your spell library contained the following spells:

 Spells                   Type           Power      Damage    Failure   Level
 Passwall                 Tmut/Erth      35%        N/A       1%          2
 Static Discharge         Conj/Air       15%        3-5/arc   10%         2
 Ensorcelled Hibernation  Hex/Ice        12%        N/A       22%         2
 Scorch                   Fire           12%        2d6       22%         2
 Ignite Poison            Fire/Tmut/Pois 12%        N/A       26%         3
 Swiftness                Air            6%         N/A       41%         3
 Flame Wave               Conj/Fire      15%        2d7       54%         4
 Summon Lightning Spire   Summ/Air       6%         N/A       82%         4


Dungeon Overview and Level Annotations

Branches:
Dungeon (8/15)             Temple (1/1) D:7
   Lair: D:8-11

Altars:
Ashenzari
Cheibriados
Elyvilon
Fedhas
Kikubaaqudgha
Nemelex Xobeh
Okawaru
Qazlal
Sif Muna
Trog
Uskayaw
Vehumet
Wu Jian
Xom
Yredelemnul
Zin
The Shining One


Innate Abilities, Weirdness & Mutations

You are immune to sickness and miasma.
Your stone body is resilient. (AC +7)
You are immune to poison.
You resist negative energy. (rN+)
You are resistant to electric shocks. (rElec)
You are resistant to unholy torment.
You are immune to petrification.


Message History

A steam dragon comes into view.
The blast of sand misses the steam dragon.
The steam dragon hisses angrily.
The steam dragon breathes steam at you. The ball of steam misses you.
The blast of sand hits the steam dragon!
The steam dragon is moderately wounded.
You are engulfed in a cloud of scalding steam.
The blast of sand hits the steam dragon but does no damage.
The steam dragon is moderately wounded.
You are engulfed in a cloud of scalding steam.
The steam dragon completely misses you. You block the steam dragon's attack.
The steam dragon closely misses you. The steam dragon barely misses you.
A water moccasin comes into view.
The blast of sand hits the steam dragon.
The steam dragon is heavily wounded.
The water moccasin hisses angrily.
The steam dragon breathes steam at you. The ball of steam hits you!
The water moccasin moves out of view.
The blast of sand hits the steam dragon!
The steam dragon is almost dead.
You are engulfed in a cloud of scalding steam.
The steam dragon bites you but does no damage.
You block the steam dragon's attack. The steam dragon bites you.
The steam dragon claws you.
Press: ? - help, v - describe, . - travel
Here: a steam dragon (almost dead)
The floor.
You are too injured to fight recklessly!
Casting: Sandblast (safe; 1% risk of failure)
Confirm with . or Enter, or press ? or * to list all spells.
Aiming: Sandblast (safe; 1% risk of failure)
Press: ? - help, Shift-Dir - straight line, f/p - steam dragon
Aim: a steam dragon (almost dead, 85% to hit)
The blast of sand misses the steam dragon.
You are engulfed in a cloud of scalding steam.
* * * LOW HITPOINT WARNING * * *
The steam dragon breathes steam at you. The ball of steam hits you!!
You die...

. . .
#########
......#.######
#...§....# .
#.##.#.####.#
# #....@.# #.#
## ####D###
#.# #. #S #.#
#. .. #.# #.
..# ##.#
#####. ..#
#..#####.....
..#
#.##.........
...
#.>..###.....
###..# ###.#.


You could see a steam dragon (catching breath) and a water moccasin.

Vanquished Creatures
  Maggie (D:7)
  3 yaks (D:5)
  Edmund (D:6)
  A water moccasin (D:4)
  Duvessa (D:6)
  A black bear (D:6)
  An orc warrior (D:8)
  3 ice beasts
  3 centaurs
  3 ogres
  3 phantoms
  A kobold brigand (D:8)
  2 bullfrogs
  3 scorpions
  Dowan (D:6)
  4 killer bees (D:8)
  3 howler monkeys (D:8)
  2 quasits (D:6)
  3 hounds
  3 orc priests
  3 iguanas
  5 orc wizards
  Robin (D:2)
  4 gnolls
  11 adders
  4 shadow imps (D:6)
  6 white imps
  5 ufetubi
  4 worms
  7 dart slugs
  25 orcs
  8 ball pythons
  7 bats
  15 endoplasms
  6 giant cockroaches
  14 goblins
  13 hobgoblins
  3 quokkas (D:1)
  6 frilled lizards
  20 kobolds
  7 rats
217 creatures vanquished.

Vanquished Creatures (others)
  A fungus (D:3)
1 creature vanquished.

Grand Total: 218 creatures vanquished

Notes
Turn   | Place    | Note
-------+----------+-------------------------------------------
     0 | D:1      | KyoPewz the Gargoyle Earth Elementalist began the quest for
                  | the Orb.
     0 | D:1      | Reached XP level 1. HP: 10/10 MP: 3/3
   103 | D:1      | Reached skill level 1 in Transmutations
   103 | D:1      | Reached XP level 2. HP: 15/15 MP: 1/5
   374 | D:1      | Reached XP level 3. HP: 19/19 MP: 3/6
   382 | D:1      | Reached skill level 4 in Earth Magic
   757 | D:2      | Found a faded altar of an unknown god.
   799 | D:2      | Noticed Robin
   884 | D:2      | Reached XP level 4. HP: 23/24 MP: 3/7
   890 | D:2      | Killed Robin
  1302 | D:2      | Reached XP level 5. HP: 28/28 MP: 6/9
  2295 | D:3      | Reached skill level 5 in Earth Magic
  2638 | D:3      | Found a broken altar of Ashenzari.
  2641 | D:3      | Reached XP level 6. HP: 32/32 MP: 7/11
  2936 | D:4      | Noticed a water moccasin
  2943 | D:4      | Killed a water moccasin
  3103 | D:4      | Learned a level 3 spell: Stone Arrow
  3108 | D:4      | Learned a level 4 spell: Petrify
  3332 | D:4      | Reached skill level 1 in Conjurations
  3422 | D:4      | Reached XP level 7. HP: 36/36 MP: 10/12
  3606 | D:4      | Reached skill level 6 in Earth Magic
  4639 | D:5      | Entered Level 5 of the Dungeon
  4730 | D:5      | Found an iron altar of Okawaru.
  4888 | D:5      | Found an ancient bone altar of Kikubaaqudgha.
  4898 | D:5      | Reached skill level 7 in Earth Magic
  4901 | D:5      | Reached XP level 8. HP: 13/41 MP: 1/14
  5130 | D:5      | Noticed a yak
  5143 | D:5      | Noticed a yak
  5148 | D:5      | Noticed a yak
  5503 | D:5      | Killed a yak
  5504 | D:5      | Reached skill level 8 in Earth Magic
  5571 | D:5      | Killed a yak
  5572 | D:5      | Reached skill level 9 in Earth Magic
  5607 | D:5      | Killed a yak
  5916 | D:5      | Found a radiant altar of Vehumet.
  6065 | D:6      | Noticed Duvessa
  6066 | D:6      | Noticed Dowan
  6134 | D:6      | Reached skill level 10 in Earth Magic
  6190 | D:6      | Reached XP level 9. HP: 45/45 MP: 2/15
  6341 | D:6      | Reached skill level 11 in Earth Magic
  6758 | D:6      | Noticed Edmund
  6764 | D:6      | Killed Edmund
  6911 | D:6      | Killed Duvessa
  6912 | D:6      | Reached skill level 12 in Earth Magic
  6926 | D:6      | Killed Dowan
  7548 | D:5      | Became a worshipper of Vehumet
  7592 | D:7      | Noticed Maggie
  7629 | D:7      | Found a staircase to the Ecumenical Temple.
  7639 | D:7      | Reached skill level 5 in Spellcasting
  7645 | Temple   | Entered the Ecumenical Temple
  8274 | D:7      | Killed Maggie
  8482 | D:7      | Got Niohith's Spellbook of the Fulgurous Arsonist
  8636 | D:8      | Reached XP level 10. HP: 50/50 MP: 15/18
  8771 | D:8      | Reached skill level 13 in Earth Magic
  8771 | D:8      | Reached * piety under Vehumet
  8771 | D:8      | Offered knowledge of Freeze by Vehumet.
  8779 | D:8      | Learned a level 1 spell: Freeze
  8924 | D:8      | Found a sparkling altar of Nemelex Xobeh.
  8924 | D:8      | Found a white marble altar of Elyvilon.
  9086 | D:8      | Reached skill level 1 in Armour
  9143 | D:8      | Killed from afar by a steam dragon

Illustrated notes

Levels and vault maps discovered:
D:1:      scummos_arrival_hexagon, layout_basic, minmay_tromino_mix6
D:2:      minmay_razor_zed, layout_basic,
          chequers_ecumenical_altar_simple_redux, minmay_surrounded, uniq_robin
D:3:      layout_loops_ring, mainiacjoe_overflow_cross_hatched
D:4:      layout_loops_corners, minmay_quantized
D:5:      layout_rooms, kennysheep_mini_moat, kennysheep_mini,
          nicolae_overflow_hidden_temple
D:6:      layout_cave_pods, serial_demonic, serial_demonic_a, serial_demonic_d,
          serial_demonic_a, serial_demonic_a, nicolae_figureground_sparkle,
          uniq_edmund, uniq_duvessa
D:7:      layout_gridville, minmay_temple_entry_glassed_door, uniq_maggie
D:8:      layout_loops_cross, gammafunk_temple_overflow_statue,
          jmf_multi_god_temple, minivault_21
Temple:   minmay_freezing_vapour_temple

Skill      XL: |  1  2  3  4  5  6  7  8  9 10 |
---------------+-------------------------------+-----
Transmutations | 1 2 3 4 |  4.0
Earth Magic    | 4 5 7 10 12 13 | 13.2
Spellcasting   | 3 4 5 6 |  6.4
Conjurations   | 1 3 4 |  4.0
Armour         | 1 |  1.0
Fighting       | |  0.9
Dodging        | |  1.9
Stealth        | |  2.6

Action                   |  1- 3 |  4- 6 |  7- 9 | 10-12 || total
-------------------------+-------+-------+-------+-------++-------
Melee: Rapier            |     8 |     8 |    19 |       ||    35
 Cast: Sandblast         |    45 |   110 |   126 |    31 ||   312
       Stone Arrow       |       |       |    38 |     5 ||    43
       Petrify           |       |       |     6 |       ||     6
  Use: Potion            |       |       |     2 |       ||     2
 Stab: Petrified         |       |       |     2 |       ||     2
Armor: Robe              |     9 |    22 |    24 |       ||    55
       Acid dragon scale |       |       |       |     6 ||     6
Dodge: Dodged            |    12 |    27 |    57 |    18 ||   114
Block: Other             |       |     3 |    23 |     4 ||    30
       Reflection        |       |     1 |     4 |       ||     5
